 Dungeon Crawl Stone Soup version 0.23-a0-612-gcb482e9 (webtiles) character file.

235 zishaf the Shield-Bearer (level 6, -2/47 HPs)
             Began as a Human Wanderer on Dec 22, 2018.
             Was a Follower of Makhleb.
             Slain by a worker ant (5 damage)
             ... on level 2 of the Dungeon.
             The game lasted 00:08:20 (3675 turns).

zishaf the Shield-Bearer (Human Wanderer)           Turns: 3675, Time: 00:08:21

Health: -2/47      AC:  6    Str: 22    XL:     6   Next: 27%
Magic:  7/7        EV:  6    Int:  9    God:    Makhleb [*.....]
Gold:   177        SH: 14    Dex: 11    Spells: 2/7 levels left

rFire    . . .     SeeInvis .   t - +0 flail
rCold    . . .     Gourm    .   b - +0 large shield (curse)
rNeg     . . .     Faith    .   p - +0 scale mail
rPois    .         Spirit   .   (no helmet)
rElec    .         Reflect  .   (no cloak)
rCorr    .         Harm     .   (no gloves)
MR       .....                  (no boots)
Stlth    ..........             (no amulet)
HPRegen  0.15/turn              d - +3 ring of strength
MPRegen  0.10/turn              q - ring of wizardry

@: no status effects
A: no striking features
a: Renounce Religion


You were on level 2 of the Dungeon.
You worshipped Makhleb.
Makhleb was aware of your devotion.
You were hungry.

You visited 1 branch of the dungeon, and saw 3 of its levels.

You collected 177 gold pieces.

Inventory:

Hand Weapons
 a - a +0 mace
 t - a +0 flail (weapon)
Missiles
 g - 127 stones (quivered)
 w - 4 curare-tipped needles
Armour
 b - a cursed +0 large shield (worn)
 p - a +0 scale mail (worn)
Jewellery
 d - a +3 ring of strength (left hand)
 q - a ring of wizardry (right hand)
Wands
 r - a wand of polymorph (3)
Scrolls
 e - a scroll of teleportation
 h - a scroll of fog {unknown}
 l - a scroll of magic mapping {unknown}
 n - a scroll of enchant weapon {unknown}
 o - 3 scrolls of identify {unknown}
 v - a scroll of random uselessness {unknown}
 x - a scroll of fear {unknown}
Potions
 c - 2 potions of curing
 j - a potion of invisibility {unknown}
 k - 2 potions of degeneration {unknown}
 m - a potion of haste {unknown}
 s - a potion of ambrosia {unknown}
 u - a potion of might {unknown}
Comestibles
 f - 4 rations
 i - 4 chunks of flesh


   Skills:
 + Level 3.0 Fighting
 + Level 2.1 Maces & Flails
 + Level 1.6 Armour
 - Level 2.0 Dodging
 * Level 3.1 Shields
 - Level 1.0 Spellcasting
   Level 2.0 Necromancy
 + Level 2.1 Translocations
 + Level 1.9 Invocations
 - Level 1.0 Evocations


You had 2 spell levels left.
You knew the following spells:

 Your Spells              Type           Power        Failure   Level  Hunger
a - Freeze                Ice            #...         99%         1    ##.....
b - Blink                 Tloc           N/A          98%         2    ###....
c - Shroud of Golubria    Chrm/Tloc      #.........   99%         2    ###....

Your spell library contained the following spells:

 Spells                   Type           Power        Failure   Level  Hunger
 Gell's Gravitas          Tloc           #.........   100%        3    ####...
 Lesser Beckoning         Tloc           #.........   100%        3    ####...
 Ozocubu's Armour         Chrm/Ice       #.......     100%        3    ####...
 Teleport Other           Tloc           #.......     100%        3    ####...
 Passage of Golubria      Tloc           N/A          100%        4    #####..


Dungeon Overview and Level Annotations

Branches:
Dungeon (3/15)

Altars:
Gozag
Makhleb


Message History

Things that are here:
a +0 leather armour; a +0 war axe You closely miss the worker ant.
The worker ant is moderately wounded.
The worker ant bites you but does no damage.
You hit the worker ant.
The worker ant is moderately wounded.
You block the worker ant's attack. x2
You hit the worker ant.
The worker ant is severely wounded.
You block the worker ant's attack.
You barely miss the worker ant.
The worker ant is severely wounded.
The worker ant barely misses you. You block the worker ant's attack.
You hit the worker ant.
The worker ant is almost dead.
The worker ant bites you.
* * * LOW HITPOINT WARNING * * *
The worker ant bites you.
You die...

.....................# ##.......
.....................# ##......
....................## ##......
#..................## #.......
#.................## #.......
...#........##.....## #.......
##.#.###...#####....######.......
..............)..............รท...
...........#####@##..#####.......
............## #a#..## #.......
.............###S.>## #.......
.............))#.)##### #.......
.............#>.......###########
............##[.........#
###...##...###........###
########## #........# #........#


You could see a worker ant and an adder.

Vanquished Creatures
  A bullfrog (D:2)
  4 gnolls
  5 adders
  2 oozes (D:2)
  2 dart slugs
  2 leopard geckos (D:1)
  4 orcs
  A ball python (D:2)
  6 bats
  2 giant cockroaches (D:1)
  8 goblins
  9 hobgoblins
  6 jackals (D:1)
  5 frilled lizards
  5 kobolds
  A leopard gecko skeleton (D:3)
  7 rats
  A plant (D:1)
71 creatures vanquished.

Notes
Turn   | Place    | Note
-------+----------+-------------------------------------------
     0 | D:1      | zishaf the Human Wanderer began the quest for the Orb.
     0 | D:1      | zishaf set off with the following items: a potion of
                  | curing, a +0 robe, a +0 club, a ration; and the following
                  | spell memorised: Freeze; and the following spells available
                  | to memorise: Blink, Shroud of Golubria, Gell's Gravitas,
                  | Lesser Beckoning, Teleport Other, Ozocubu's Armour, Passage
                  | of Golubria
     0 | D:1      | Reached XP level 1. HP: 16/16 MP: 2/2
   634 | D:1      | Reached XP level 2. HP: 22/22 MP: 3/3
   916 | D:1      | Reached XP level 3. HP: 28/28 MP: 4/4
  1154 | D:2      | Found a burning altar of Makhleb.
  1167 | D:2      | Reached skill level 1 in Maces & Flails
  1460 | D:2      | Became a worshipper of Makhleb the Destroyer
  1631 | D:1      | Reached XP level 4. HP: 23/34 MP: 5/5
  2499 | D:2      | Reached * piety under Makhleb
  2502 | D:2      | Found an opulent altar of Gozag.
  2556 | D:2      | Reached skill level 1 in Invocations
  2675 | D:2      | Noticed a bullfrog
  2684 | D:2      | Killed a bullfrog
  2684 | D:2      | Reached skill level 1 in Armour
  2684 | D:2      | Reached XP level 5. HP: 21/40 MP: 6/6
  3315 | D:3      | Reached XP level 6. HP: 44/46 MP: 7/7
  3341 | D:3      | Learned a level 2 spell: Blink
  3344 | D:3      | Learned a level 2 spell: Shroud of Golubria
  3675 | D:2      | Slain by a worker ant

Vault maps used:
D:1:      kilobyte_arrival_exit_the_forest
D:2:      lemuel_crystal_altar, marbit_many_paths, minmay_misc_feat_ornament

Skill      XL: |  1  2  3  4  5  6 |
---------------+-------------------+-----
Maces & Flails | 1 2 |  2.1
Shields        | 2 3 |  3.1
Dodging        | 2 |  2.0
Invocations    | 1 |  1.9
Armour         | 1 |  1.6
Fighting       | 3 |  3.0
Spellcasting   | |  1.0
Necromancy     | |  2.0
Translocations | |  2.1
Evocations     | |  1.0

Action                   |  1- 3 |  4- 6 || total
-------------------------+-------+-------++-------
Melee: Mace              |   118 |   183 ||   301
       Unarmed           |       |     3 ||     3
       Flail             |       |    31 ||    31
  Use: Scroll            |       |     1 ||     1
 Stab: Sleeping          |     1 |       ||     1
  Eat: Chunk             |     2 |     7 ||     9
Armor: Robe              |     9 |       ||     9
       Leather armour    |    23 |    42 ||    65
       Scale mail        |       |    44 ||    44
       Skin              |       |     1 ||     1
Dodge: Dodged            |    45 |    64 ||   109
Block: Large shield      |    78 |   222 ||   300

Table legend:
 A = Non-vault XP
 B = Vault XP
 C = Vault XP percentage of total XP
 D = Non-vault monster count
 E = Vault monster count
 F = Vault count percentage of total count
                 A         B        C        D         E       F
            +---------+---------+-------+---------+---------+-------
      Total |     336 |       1 |   0.3 |      69 |       1 |   1.4
            +---------+---------+-------+---------+---------+-------
        D:1 |      61 |       0 |   0.0 |      27 |       0 |   0.0
        D:2 |     222 |       1 |   0.4 |      31 |       1 |   3.1
        D:3 |      53 |       0 |   0.0 |      11 |       0 |   0.0
            +---------+---------+-------+---------+---------+-------
